 Dungeon Sprint DCSS version 0.31.0 (webtiles) character file.

Game seed: 4846299992511941671

54000000 thiscave3701365 the Intangible (level 27, 169/228 HPs)
             Began as a Djinni Warper on Jan 19, 2024.
             Was the Champion of Makhleb.
             Escaped with the Orb!
             The game lasted 00:06:34 (270 turns).

thiscave3701365 the Intangible (Djinni Warper)       Turns: 270, Time: 00:06:34

Health: 169/228    AC:  6    Str: 20    XL:     27
Gold:   0          EV: 26    Int: 18    God:    Makhleb [******] SH:  0 Dex: 14

rFire   + + .        i - +∞ Axe of Woe
rCold   x . .        (shield currently unavailable)
rNeg    . . .        b - +0 leather armour
rPois   ∞            (no helmet)
rElec   .            (no cloak)
rCorr   .            (no gloves)
SInv    +            (boots unavailable)
Will    ++...        (no amulet)
Stlth   +++          j - ring of see invisible
HPRegen 0.58/turn    k - +100 ring of slaying
MPRegen 0.00/turn

%: no teleportation
@: flying
A: sickness immunity, fire resistance 2, cold vulnerability 1, float, innate
caster, HP casting, extra vitality 1
0: Orb of Zot
a: Renounce Religion, Minor Destruction, Lesser Servant of Makhleb, Major
Destruction, Greater Servant of Makhleb


You escaped.
You worshipped Makhleb.
Makhleb was exalted by your worship.
You visited 1 branch

Inventory:

Hand Weapons
 a - a +0 hand axe
 i - the +∞ Axe of Woe (weapon)
   (You found it in the Dungeon)
Missiles
 d - 7 darts of dispersal
Armour
 b - a +0 leather armour (worn)
Jewellery
 j - a ring of see invisible (left hand)
 k - a +100 ring of slaying (right hand)
Scrolls
 c - 2 scrolls of blinking
Potions
 e - a potion of curing
 f - a potion of heal wounds
 g - a potion of haste
 h - a potion of berserk rage


   Skills:
 O Level 27 Fighting
 O Level 27 Short Blades
 O Level 27 Long Blades
 O Level 27 Axes
 O Level 27 Maces & Flails
 O Level 27 Polearms
 O Level 27 Staves
 O Level 27 Ranged Weapons
 O Level 27 Throwing
 O Level 27 Armour
 O Level 27 Dodging
 O Level 27 Stealth
 O Level 27 Shields
 O Level 27 Unarmed Combat
 O Level 27 Spellcasting
 O Level 27 Conjurations
 O Level 27 Hexes
 O Level 27 Summonings
 O Level 27 Necromancy
 O Level 27 Translocations
 O Level 27 Fire Magic
 O Level 27 Ice Magic
 O Level 27 Air Magic
 O Level 27 Earth Magic
 O Level 27 Alchemy
 O Level 27 Invocations
 O Level 27 Evocations
 O Level 27 Shapeshifting


You knew the following spells:

 Your Spells              Type           Power      Damage    Failure   Level
a - Blink                 Tloc           100%       N/A       0%          2
b - Lesser Beckoning      Tloc           100%       N/A       0%          2
c - Teleport Other        Tloc           88%        N/A       0%          3
d - Manifold Assault      Tloc           88%        N/A       0%          4
e - Vhi's Electric Charg  Tloc/Air       100%       N/A       0%          4
f - Summon Small Mammal   Summ           100%       N/A       0%          1
g - Call Imp              Summ           100%       N/A       0%          2
h - Gell's Gravitas       Tloc           88%        N/A       0%          3
i - Animate Dead          Necr           88%        N/A       0%          4
j - Metabolic Englaciati  Hex/Ice        44%        N/A       0%          5
k - Silence               Hex/Air        44%        N/A       0%          5
l - Conjure Ball Lightni  Conj/Air       44%        3x3d15    0%          6
m - Dispersal             Tloc           44%        N/A       0%          6
n - Bombard               Conj/Erth      44%        9d7       0%          6
o - Borgnjor's Revivific  Necr           44%        N/A       1%          8
p - Lehudib's Crystal Sp  Conj/Erth      44%        10d11     1%          8
q - Chain Lightning       Conj/Air       44%        3d58      2%          9
r - Shatter               Erth           44%        3d34*     2%          9
Your spell library was empty.

Dungeon Overview and Level Annotations

Branches:
Dungeon (1/1)

Altars:
Makhleb


Innate Abilities, Weirdness & Mutations

You are immune to sickness and miasma.
You are immune to poison.
Your flesh is very heat resistant. (rF++)
You are vulnerable to cold. (rC-)
You float through the air rather than walking.
You learn spells naturally, not from books.
Your magical power is your life essence.
You have superior vitality. (+4 MHP)


Message History

An observer comes into view.
A vile comes into view. It is wielding a +0 mace.
Unknown command.
Space momentarily warps into an impossible shape!
The fleshlord shouts!
The observer turns its gaze towards you.
You cut the fleshlord into ribbons!!!!
You fatally mangle the fleshlord.
You kill the fleshlord!
Makhleb accepts your kill.
You feel better.
You slice the observer!!
You fatally mangle the observer.
You kill the observer!
Makhleb accepts your kill.
You cut the vile into ribbons!!!!
You slaughter the vile joyfully.
You destroy the vile!
Makhleb accepts your kill.
The vile appears out of thin air!
A vile comes into view. It is wielding a +0 dire flail.
The vile throws damnation at you.
The sphere of damnation explodes!
The damnation engulfs you!!
Some rock shatters into small pieces.
A wretched soul comes into view.
A fleshlord comes into view. It is wielding a +9 great mace.
A scourge comes into view.
A fleshlord comes into view. It is wielding a +9 great mace. x2
The fleshlord casts a spell.
The fleshlord seems to speed up.
A vile comes into view. It is wielding a +0 flail.
The scourge hisses angrily.
You hear an angry hiss.
You hear a shout!
The fleshlord shouts!
You hear a roar!
You hear a shout!
You hear a roar!
A fleshlord and a vile come into view.
You hear a roar!
The fleshlord mumbles some strange words.
The fleshlord seems to speed up.
The scourge throws poison at you. The bolt of poison misses you.
The bolt of poison hits the vile.
The vile completely resists.
The vile hits you with a +0 flail!
You are engulfed in flames!!
You resist.
The fleshlord casts a spell.
The fleshlord seems to speed up.
You have escaped!

.. .. #). ..# #..
..# ...###.).
.†)###D.)
..)W...)###....p.).
#...).).._.†......)
.§p))....999..)))).
.§))))._.@)9.))9)))
.§)))p#)...)#p))G)),
#..)))))._)..†)†)))
....))))###)))..9†)
..)###).)..S)###).)
.)..#.)))..)#.))
..).#.)).)).#)))
.).)...)))..).))
.).))..)=)†).).)#


You could see an eight-headed meat hydra, an observer (fast, invisible), a
scourge, 4 fleshlords, 6 viles and a wretched soul (invisible).

Vanquished Creatures
  17 molten gargoyles (D)
  Dispater (D)
  39 hell knights (D)
  Sigmund (D)
  24 hell beasts (D)
  Edmund (D)
  13 royal mummies (D)
  35 wraiths (D)
  43 great orbs of eyes (D)
  Harold (D)
  32 vampire knights (D)
  67 ogres (D)
  14 two-headed ogres (D)
  16 liches (D)
  36 hydras (D)
  30 phantoms (D)
  151 orcs (D)
  18 skeletal warriors (D)
  35 sea snakes (D)
  An Orb Guardian (D)
  A soul eater (D)
  An orange demon (D)
  A ynoxinul (D)
578 creatures vanquished.

Notes
Turn   | Place    | Note
-------+----------+-------------------------------------------
     0 | D        | Found the +∞ Axe of Woe
     0 | D        | thiscave3701365 the Djinni Warper began the quest for the
                  | Orb.
     0 | D        | thiscave3701365 set off with the following spells
                  | memorised: Blink, Lesser Beckoning, Teleport Other,
                  | Manifold Assault, Vhi's Electric Charge.
     0 | D        | Reached XP level 1. HP: 18/18 MP: 0/0
     2 | D        | Noticed a bag of meat
     3 | D        | Became a worshipper of Makhleb the Destroyer
     5 | D        | Noticed a bag of meat
     5 | D        | Noticed a meat berserker
     5 | D        | Noticed a bag of meat
     6 | D        | Noticed a bag of meat
     6 | D        | Noticed a bag of meat
     6 | D        | Noticed a bag of meat
     6 | D        | Noticed a meat berserker
     6 | D        | Noticed a meat berserker
     8 | D        | Killed a bag of meat
     8 | D        | Noticed a bag of meat
     8 | D        | Noticed a bag of meat
     8 | D        | Noticed a bag of meat
     8 | D        | Noticed a bag of meat
     8 | D        | Noticed a bag of meat
     9 | D        | Reached skill level 15 in Fighting
     9 | D        | Reached skill level 15 in Dodging
     9 | D        | Reached XP level 2. HP: 43/43 MP: 0/0
     9 | D        | Reached XP level 3. HP: 49/49 MP: 0/0
     9 | D        | Learned a level 1 spell: Summon Small Mammal
     9 | D        | Reached XP level 4. HP: 55/55 MP: 0/0
     9 | D        | Reached XP level 5. HP: 60/60 MP: 0/0
     9 | D        | Learned a level 2 spell: Call Imp
     9 | D        | Reached XP level 6. HP: 67/67 MP: 0/0
     9 | D        | Reached XP level 7. HP: 72/72 MP: 0/0
     9 | D        | Learned a level 3 spell: Gell's Gravitas
     9 | D        | Reached XP level 8. HP: 78/78 MP: 0/0
     9 | D        | Reached XP level 9. HP: 84/84 MP: 0/0
     9 | D        | Learned a level 4 spell: Animate Dead
     9 | D        | Reached XP level 10. HP: 90/90 MP: 0/0
     9 | D        | Reached XP level 11. HP: 95/95 MP: 0/0
     9 | D        | Learned a level 5 spell: Metabolic Englaciation
     9 | D        | Killed a bag of meat
     9 | D        | Reached * piety under Makhleb
     9 | D        | Killed a meat berserker
     9 | D        | Killed a bag of meat
     9 | D        | Noticed a large bag of meat
     9 | D        | Noticed a bag of meat
     9 | D        | Noticed a bag of meat
    10 | D        | Reached skill level 5 in Throwing
    10 | D        | Reached XP level 12. HP: 8/113 MP: 0/0
    10 | D        | Reached XP level 13. HP: 8/120 MP: 0/0
    10 | D        | Learned a level 5 spell: Silence
    10 | D        | Reached XP level 14. HP: 8/126 MP: 0/0
    10 | D        | Killed a meat berserker
    10 | D        | Reached ** piety under Makhleb
    10 | D        | Killed a meat berserker
    10 | D        | Killed a bag of meat
    10 | D        | Killed a bag of meat
    10 | D        | Reached *** piety under Makhleb
    10 | D        | Noticed a meat berserker
    10 | D        | Noticed a bag of meat
    10 | D        | Noticed a bag of meat
    11 | D        | Reached XP level 15. HP: 141/141 MP: 0/0
    11 | D        | Learned a level 6 spell: Conjure Ball Lightning
    12 | D        | Noticed a meat berserker
    13 | D        | Reached **** piety under Makhleb
    13 | D        | Noticed a meat berserker
    14 | D        | Reached skill level 27 in Dodging
    14 | D        | Reached XP level 16. HP: 153/153 MP: 0/0
    14 | D        | Killed a large bag of meat
    15 | D        | Reached skill level 27 in Fighting
    15 | D        | Reached skill level 10 in Armour
    15 | D        | Reached XP level 17. HP: 145/160 MP: 0/0
    15 | D        | Learned a level 6 spell: Dispersal
    15 | D        | Reached ***** piety under Makhleb
    15 | D        | Noticed a meat berserker
    16 | D        | Reached skill level 27 in Axes
    16 | D        | Reached skill level 15 in Armour
    16 | D        | Noticed a meat berserker
    16 | D        | Noticed a meat berserker
    17 | D        | Killed a meat berserker
    18 | D        | Reached XP level 18. HP: 160/167 MP: 0/0
    18 | D        | Killed a meat berserker
    18 | D        | Noticed a large bag of meat
    18 | D        | Noticed a meat berserker
    20 | D        | Killed a meat berserker
    20 | D        | Reached ****** piety under Makhleb
    21 | D        | Reached XP level 19. HP: 171/174 MP: 0/0
    21 | D        | Learned a level 6 spell: Bombard
    21 | D        | Noticed a large bag of meat
    21 | D        | Noticed a large bag of meat
    22 | D        | Reached XP level 20. HP: 176/181 MP: 0/0
    22 | D        | Killed a meat berserker
    22 | D        | Killed a meat berserker
    22 | D        | Killed a meat berserker
    22 | D        | Noticed a large bag of meat
    23 | D        | Reached skill level 27 in Armour
    24 | D        | Reached skill level 27 in Throwing
    24 | D        | Reached skill level 27 in Spellcasting
    24 | D        | Reached skill level 27 in Conjurations
    24 | D        | Reached skill level 27 in Hexes
    24 | D        | Reached skill level 27 in Summonings
    24 | D        | Reached skill level 27 in Necromancy
    24 | D        | Reached skill level 27 in Translocations
    24 | D        | Reached skill level 27 in Fire Magic
    24 | D        | Reached skill level 27 in Ice Magic
    24 | D        | Reached skill level 27 in Air Magic
    24 | D        | Reached skill level 27 in Earth Magic
    24 | D        | Reached skill level 27 in Alchemy
    24 | D        | Reached XP level 21. HP: 184/187 MP: 0/0
    24 | D        | Learned a level 8 spell: Borgnjor's Revivification
    25 | D        | Reached skill level 5 in Short Blades
    25 | D        | Reached skill level 5 in Long Blades
    25 | D        | Reached skill level 5 in Staves
    25 | D        | Reached skill level 5 in Stealth
    25 | D        | Reached skill level 5 in Shields
    25 | D        | Reached skill level 5 in Unarmed Combat
    25 | D        | Reached skill level 5 in Invocations
    25 | D        | Reached skill level 5 in Evocations
    25 | D        | Noticed a destroyer
    25 | D        | Killed a large bag of meat
    25 | D        | Noticed a meat berserker
    26 | D        | Reached skill level 5 in Maces & Flails
    26 | D        | Reached skill level 5 in Polearms
    26 | D        | Reached skill level 5 in Ranged Weapons
    26 | D        | Reached skill level 5 in Shapeshifting
    26 | D        | Noticed a meat berserker
    26 | D        | Noticed a meat berserker
    27 | D        | Killed a meat berserker
    27 | D        | Killed a large bag of meat
    27 | D        | Noticed a meat berserker
    28 | D        | Reached skill level 10 in Shields
    28 | D        | Reached skill level 10 in Unarmed Combat
    28 | D        | Reached skill level 10 in Invocations
    28 | D        | Reached skill level 10 in Evocations
    28 | D        | Reached XP level 22. HP: 171/194 MP: 0/0
    29 | D        | Killed a large bag of meat
    29 | D        | Noticed a destroyer
    30 | D        | Reached skill level 10 in Short Blades
    30 | D        | Reached skill level 10 in Long Blades
    30 | D        | Reached skill level 10 in Staves
    30 | D        | Reached skill level 10 in Stealth
    30 | D        | Killed a large bag of meat
    31 | D        | Reached skill level 10 in Maces & Flails
    31 | D        | Reached skill level 10 in Polearms
    31 | D        | Reached skill level 10 in Ranged Weapons
    31 | D        | Reached skill level 10 in Shapeshifting
    31 | D        | Noticed The Servant
    31 | D        | Noticed a meat berserker
    32 | D        | Killed a meat berserker
    32 | D        | Killed a destroyer
    32 | D        | Killed a meat berserker
    32 | D        | Killed a meat berserker
    33 | D        | Reached XP level 23. HP: 197/201 MP: 0/0
    33 | D        | Learned a level 8 spell: Lehudib's Crystal Spear
    33 | D        | Killed The Servant
    33 | D        | Killed a destroyer
    34 | D        | Reached XP level 24. HP: 130/208 MP: 0/0
    35 | D        | Reached skill level 15 in Maces & Flails
    35 | D        | Reached skill level 15 in Polearms
    35 | D        | Reached skill level 15 in Ranged Weapons
    35 | D        | Reached skill level 15 in Shapeshifting
    35 | D        | Reached XP level 25. HP: 185/214 MP: 0/0
    35 | D        | Learned a level 9 spell: Chain Lightning
    38 | D        | Noticed a destroyer
    38 | D        | Killed a destroyer
    43 | D        | Noticed a destroyer
    44 | D        | Killed a destroyer
    46 | D        | Reached skill level 27 in Stealth
    46 | D        | Reached XP level 26. HP: 221/221 MP: 0/0
    58 | D        | Noticed an accursed
    58 | D        | Killed an accursed
    59 | D        | Noticed a tyrant
    60 | D        | Killed a tyrant
    61 | D        | Reached XP level 27. HP: 168/228 MP: 0/0
    61 | D        | Learned a level 9 spell: Shatter
    65 | D        | Noticed a dread
    65 | D        | Killed a dread
    66 | D        | Noticed a dread
    67 | D        | Killed a dread
    67 | D        | Noticed a large bag of meat
    67 | D        | Noticed a large bag of meat
    68 | D        | Killed a large bag of meat
    68 | D        | Killed a large bag of meat
    70 | D        | Reached skill level 27 in Shields
    70 | D        | Reached skill level 27 in Unarmed Combat
    70 | D        | Reached skill level 27 in Invocations
    70 | D        | Reached skill level 27 in Evocations
    72 | D        | Noticed a dread
    72 | D        | Killed a dread
    73 | D        | Reached skill level 27 in Short Blades
    73 | D        | Reached skill level 27 in Long Blades
    73 | D        | Reached skill level 27 in Staves
    73 | D        | Noticed a dread
    74 | D        | Killed a dread
    75 | D        | Reached skill level 27 in Maces & Flails
    75 | D        | Reached skill level 27 in Polearms
    75 | D        | Reached skill level 27 in Ranged Weapons
    75 | D        | Reached skill level 27 in Shapeshifting
    75 | D        | Noticed a meat beast
    75 | D        | Killed a meat beast
    76 | D        | Noticed a meat beast
    77 | D        | Killed a meat beast
    77 | D        | Noticed a destroyer
    78 | D        | Killed a destroyer
    78 | D        | Noticed a large bag of meat
    79 | D        | Killed a large bag of meat
    82 | D        | Noticed a meat beast
    82 | D        | Noticed a destroyer
    82 | D        | Noticed a large bag of meat
    83 | D        | Killed a destroyer
    83 | D        | Killed a large bag of meat
    83 | D        | Killed a meat beast
    83 | D        | Noticed a tyrant
    84 | D        | Killed a tyrant
    89 | D        | Noticed a dread
    90 | D        | Killed a dread
    90 | D        | Noticed a meat beast
    91 | D        | Killed a meat beast
    91 | D        | Noticed a destroyer
    92 | D        | Killed a destroyer
    92 | D        | Noticed a destroyer
    92 | D        | Noticed a destroyer
    93 | D        | Killed a destroyer
    94 | D        | Noticed a destroyer
    94 | D        | Noticed a tyrant
    95 | D        | Killed a destroyer
    95 | D        | Killed a tyrant
    95 | D        | Noticed a meat beast
    95 | D        | Noticed a meat beast
    96 | D        | Killed a meat beast
    96 | D        | Killed a meat beast
    96 | D        | Noticed a destroyer
    97 | D        | Killed a destroyer
    98 | D        | Killed a destroyer
    99 | D        | Noticed a dread
   100 | D        | Noticed a meat beast
   100 | D        | Noticed a dread
   100 | D        | Noticed an accursed
   101 | D        | Noticed a tyrant
   101 | D        | Killed a dread
   101 | D        | Killed a dread
   102 | D        | Killed an accursed
   102 | D        | Killed a tyrant
   102 | D        | Killed a meat beast
   102 | D        | Noticed a tyrant
   103 | D        | Killed a tyrant
   103 | D        | Noticed a meat beast
   103 | D        | Noticed a tyrant
   104 | D        | Killed a meat beast
   104 | D        | Killed a tyrant
   105 | D        | Noticed a destroyer
   106 | D        | Killed a destroyer
   107 | D        | Noticed The Defiler
   108 | D        | Killed The Defiler
   109 | D        | Noticed a destroyer
   109 | D        | Noticed an accursed
   110 | D        | Killed a destroyer
   110 | D        | Killed an accursed
   110 | D        | Noticed an accursed
   111 | D        | Killed an accursed
   112 | D        | Noticed a meat beast
   113 | D        | Noticed a tyrant
   113 | D        | Noticed an accursed
   114 | D        | Killed a meat beast
   114 | D        | Killed an accursed
   114 | D        | Noticed a dread
   115 | D        | Noticed a destroyer
   115 | D        | Killed a destroyer
   115 | D        | Killed a dread
   115 | D        | Noticed a dread
   115 | D        | Noticed a dread
   117 | D        | Killed a dread
   117 | D        | Noticed a dread
   118 | D        | Killed a tyrant
   118 | D        | Noticed a tyrant
   118 | D        | Noticed a fleshlord
   118 | D        | Noticed a fleshlord
   119 | D        | Killed a fleshlord
   119 | D        | Killed a dread
   120 | D        | Killed a tyrant
   120 | D        | Killed a dread
   120 | D        | Killed a fleshlord
   121 | D        | Noticed a fleshlord
   121 | D        | Noticed a destroyer
   121 | D        | Noticed a tyrant
   122 | D        | Killed a fleshlord
   122 | D        | Killed a destroyer
   122 | D        | Killed a tyrant
   123 | D        | Noticed a destroyer
   124 | D        | Killed a destroyer
   124 | D        | Noticed a large bag of meat
   125 | D        | Killed a large bag of meat
   125 | D        | Noticed a fleshlord
   126 | D        | Killed a fleshlord
   126 | D        | Noticed a dread
   128 | D        | Noticed a fleshlord
   128 | D        | Killed a dread
   128 | D        | Killed a fleshlord
   128 | D        | Noticed a fleshlord
   128 | D        | Noticed a fleshlord
   129 | D        | Killed a fleshlord
   129 | D        | Killed a fleshlord
   130 | D        | Noticed a meat beast
   131 | D        | Killed a meat beast
   131 | D        | Noticed The Captor
   132 | D        | Killed The Captor
   132 | D        | Noticed a meat beast
   133 | D        | Killed a meat beast
   134 | D        | Noticed a destroyer
   135 | D        | Killed a destroyer
   135 | D        | Noticed a destroyer
   136 | D        | Killed a destroyer
   138 | D        | Noticed a fleshlord
   139 | D        | Killed a fleshlord
   140 | D        | Noticed a tyrant
   141 | D        | Killed a tyrant
   141 | D        | Noticed a tyrant
   142 | D        | Killed a tyrant
   142 | D        | Noticed a destroyer
   142 | D        | Noticed a dread
   143 | D        | Killed a dread
   143 | D        | Killed a destroyer
   143 | D        | Noticed a fleshlord
   144 | D        | Noticed a dread
   144 | D        | Killed a fleshlord
   144 | D        | Killed a dread
   146 | D        | Noticed The Meatlord
   146 | D        | Noticed a meat beast
   146 | D        | Noticed a destroyer
   147 | D        | Killed The Meatlord
   147 | D        | Killed a meat beast
   147 | D        | Killed a destroyer
   147 | D        | Noticed a dread
   148 | D        | Killed a dread
   148 | D        | Noticed a dread
   149 | D        | Killed a dread
   149 | D        | Noticed a large bag of meat
   150 | D        | Got the Orb of Zot
   150 | D        | Noticed a destroyer
   150 | D        | Noticed a fleshlord
   150 | D        | Noticed a meat beast
   151 | D        | Killed a destroyer
   151 | D        | Killed a meat beast
   151 | D        | Killed a fleshlord
   151 | D        | Noticed a destroyer
   152 | D        | Killed a large bag of meat
   152 | D        | Killed a destroyer
   153 | D        | Noticed a fleshlord
   154 | D        | Killed a fleshlord
   154 | D        | Noticed a meat beast
   154 | D        | Noticed a destroyer
   155 | D        | Killed a meat beast
   155 | D        | Killed a destroyer
   155 | D        | Noticed a fleshlord
   155 | D        | Noticed a destroyer
   155 | D        | Noticed a dread
   156 | D        | Killed a fleshlord
   156 | D        | Killed a dread
   156 | D        | Killed a destroyer
   157 | D        | Noticed a meat beast
   158 | D        | Killed a meat beast
   158 | D        | Noticed a meat beast
   159 | D        | Killed a meat beast
   160 | D        | Noticed a destroyer
   160 | D        | Noticed a destroyer
   161 | D        | Killed a destroyer
   161 | D        | Killed a destroyer
   161 | D        | Noticed a meat beast
   161 | D        | Noticed a tyrant
   161 | D        | Noticed a destroyer
   162 | D        | Killed a tyrant
   162 | D        | Killed a meat beast
   162 | D        | Killed a destroyer
   162 | D        | Noticed a meat beast
   162 | D        | Noticed a meat beast
   163 | D        | Killed a meat beast
   164 | D        | Noticed a fleshlord
   164 | D        | Killed a meat beast
   164 | D        | Killed a fleshlord
   164 | D        | Noticed a meat beast
   165 | D        | Killed a meat beast
   165 | D        | Noticed a destroyer
   166 | D        | Killed a destroyer
   167 | D        | Noticed a destroyer
   168 | D        | Killed a destroyer
   168 | D        | Noticed an accursed
   169 | D        | Killed an accursed
   170 | D        | Noticed a fleshlord
   171 | D        | Killed a fleshlord
   172 | D        | Noticed a meat beast
   172 | D        | Noticed an accursed
   173 | D        | Killed a meat beast
   173 | D        | Killed an accursed
   174 | D        | Noticed a fleshlord
   174 | D        | Killed a fleshlord
   174 | D        | Noticed an accursed
   174 | D        | Noticed a tyrant
   175 | D        | Killed a tyrant
   175 | D        | Killed an accursed
   176 | D        | Noticed a fleshlord
   176 | D        | Noticed a fleshlord
   177 | D        | Killed a fleshlord
   177 | D        | Noticed a meat beast
   177 | D        | Noticed an accursed
   177 | D        | Noticed a fleshlord
   178 | D        | Killed a fleshlord
   179 | D        | Noticed a dread
   180 | D        | Killed a dread
   180 | D        | Killed a fleshlord
   180 | D        | Killed an accursed
   180 | D        | Noticed a fleshlord
   181 | D        | Killed a fleshlord
   181 | D        | Noticed a fleshlord
   182 | D        | Killed a fleshlord
   182 | D        | Noticed a tyrant
   182 | D        | Noticed a fleshlord
   182 | D        | Noticed a tyrant
   183 | D        | Killed a tyrant
   183 | D        | Killed a fleshlord
   184 | D        | Noticed a large bag of meat
   184 | D        | Killed a large bag of meat
   184 | D        | Killed a meat beast
   184 | D        | Noticed a fleshlord
   184 | D        | Noticed a dread
   185 | D        | Killed a dread
   185 | D        | Killed a fleshlord
   185 | D        | Noticed a destroyer
   186 | D        | Noticed a dread
   186 | D        | Killed a destroyer
   186 | D        | Killed a dread
   186 | D        | Noticed a fleshlord
   186 | D        | Noticed a fleshlord
   187 | D        | Killed a fleshlord
   187 | D        | Noticed a dread
   188 | D        | Killed a fleshlord
   188 | D        | Killed a dread
   189 | D        | Noticed a dread
   190 | D        | Killed a dread
   191 | D        | Noticed a dread
   192 | D        | Killed a dread
   195 | D        | Noticed a fleshlord
   196 | D        | Killed a fleshlord
   197 | D        | Noticed a fleshlord
   197 | D        | Noticed a dread
   197 | D        | Noticed a dread
   198 | D        | Killed a fleshlord
   198 | D        | Killed a dread
   200 | D        | Noticed a dread
   200 | D        | Noticed an accursed
   201 | D        | Killed an accursed
   201 | D        | Killed a dread
   201 | D        | Killed a dread
   207 | D        | Noticed a fleshlord
   208 | D        | Killed a fleshlord
   208 | D        | Noticed a dread
   208 | D        | Noticed a fleshlord
   209 | D        | Killed a dread
   210 | D        | Killed a fleshlord
   210 | D        | Noticed a large bag of meat
   211 | D        | Killed a large bag of meat
   212 | D        | Noticed a vile
   213 | D        | Killed a vile
   213 | D        | Noticed an accursed
   214 | D        | Killed an accursed
   215 | D        | Noticed a destroyer
   216 | D        | Killed a destroyer
   216 | D        | Noticed a dread
   217 | D        | Killed a tyrant
   217 | D        | Killed a dread
   218 | D        | Noticed a meat beast
   219 | D        | Noticed a fleshlord
   219 | D        | Killed a meat beast
   219 | D        | Killed a fleshlord
   219 | D        | Noticed a dread
   219 | D        | Noticed a destroyer
   220 | D        | Killed a destroyer
   220 | D        | Killed a dread
   220 | D        | Noticed a fleshlord
   221 | D        | Killed a fleshlord
   222 | D        | Noticed a dread
   223 | D        | Killed a dread
   223 | D        | Noticed a fleshlord
   224 | D        | Noticed a dread
   224 | D        | Killed a fleshlord
   224 | D        | Killed a dread
   226 | D        | Noticed a vile
   227 | D        | Killed a vile
   228 | D        | Noticed a fleshlord
   229 | D        | Killed a fleshlord
   231 | D        | Noticed a large bag of meat
   232 | D        | Killed a large bag of meat
   234 | D        | Noticed a fleshlord
   234 | D        | Killed a fleshlord
   234 | D        | Noticed a vile
   235 | D        | Killed a vile
   235 | D        | Noticed a vile
   235 | D        | Noticed a meat beast
   235 | D        | Noticed a dread
   236 | D        | Killed a dread
   237 | D        | Killed a vile
   237 | D        | Killed a meat beast
   237 | D        | Noticed a vile
   237 | D        | Noticed a tyrant
   238 | D        | Killed a tyrant
   238 | D        | Killed a vile
   238 | D        | Noticed an accursed
   238 | D        | Noticed a fleshlord
   239 | D        | Killed an accursed
   240 | D        | Killed a fleshlord
   241 | D        | Noticed a vile
   241 | D        | Killed a vile
   241 | D        | Noticed a fleshlord
   242 | D        | Killed a fleshlord
   243 | D        | Noticed a vile
   244 | D        | Killed a vile
   245 | D        | Noticed a vile
   246 | D        | Killed a vile
   247 | D        | Noticed a fleshlord
   248 | D        | Killed a fleshlord
   248 | D        | Noticed a fleshlord
   248 | D        | Noticed a fleshlord
   249 | D        | Noticed a dread
   249 | D        | Killed a fleshlord
   249 | D        | Killed a fleshlord
   249 | D        | Killed a dread
   249 | D        | Noticed an accursed
   249 | D        | Noticed a dread
   250 | D        | Killed a dread
   250 | D        | Killed an accursed
   251 | D        | Noticed a vile
   252 | D        | Killed a vile
   253 | D        | Noticed a vile
   254 | D        | Noticed a vile
   254 | D        | Killed a vile
   254 | D        | Killed a vile
   254 | D        | Noticed a dread
   255 | D        | Killed a dread
   255 | D        | Noticed a vile
   256 | D        | Killed a vile
   256 | D        | Noticed a vile
   257 | D        | Killed a vile
   260 | D        | Noticed a vile
   262 | D        | Noticed a vile
   263 | D        | Noticed a vile
   263 | D        | Killed a vile
   263 | D        | Killed a vile
   264 | D        | Killed a vile
   267 | D        | Noticed a fleshlord
   268 | D        | Noticed a vile
   268 | D        | Noticed a vile
   268 | D        | Noticed a vile
   268 | D        | Killed a fleshlord
   268 | D        | Killed a vile
   268 | D        | Noticed a fleshlord
   268 | D        | Noticed a fleshlord
   268 | D        | Noticed a vile
   269 | D        | Noticed a fleshlord
   269 | D        | Noticed a fleshlord
   269 | D        | Noticed a vile
   269 | D        | Noticed a vile
   269 | D        | Noticed a vile
   270 | D        | Escaped with the Orb!

Illustrated notes

Levels and vault maps discovered:
D:        meatsprint

Skill      XL: |  1  2  3  4  5  6  7  8  9 10 11 12 13 14 15 16 17 18 19 20 21 22 23 24 25 26 27 |
---------------+----------------------------------------------------------------------------------+-----
Fighting       | 15 20 24 26 27 | 27.0
Axes           | 12 18 21 23 26 27 | 27.0
Throwing       | 3 5 6 7 8 16 21 22 27 | 27.0
Armour         | 4 6 8 10 19 25 26 27 | 27.0
Dodging        | 15 21 25 27 | 27.0
Spellcasting   | 11 17 19 27 | 27.0
Conjurations   | 11 17 19 27 | 27.0
Hexes          | 11 17 19 27 | 27.0
Summonings     | 11 17 19 27 | 27.0
Necromancy     | 11 17 19 27 | 27.0
Translocations | 11 17 19 27 | 27.0
Fire Magic     | 11 17 19 27 | 27.0
Ice Magic      | 11 17 19 27 | 27.0
Air Magic      | 11 17 19 27 | 27.0
Earth Magic    | 11 17 19 27 | 27.0
Alchemy        | 11 17 19 27 | 27.0
Short Blades   | 9 13 16 17 18 21 27 | 27.0
Long Blades    | 9 13 16 17 18 21 27 | 27.0
Maces & Flails | 8 12 14 15 17 20 27 | 27.0
Polearms       | 8 12 14 15 17 20 27 | 27.0
Staves         | 9 13 16 17 18 21 27 | 27.0
Ranged Weapons | 8 12 14 15 17 20 27 | 27.0
Stealth        | 9 13 16 17 27 | 27.0
Shields        | 10 14 17 18 20 23 27 | 27.0
Unarmed Combat | 10 14 17 18 20 23 27 | 27.0
Invocations    | 10 14 17 18 20 23 27 | 27.0
Evocations     | 10 14 17 18 20 23 27 | 27.0
Shapeshifting  | 8 12 14 15 17 20 27 | 27.0

Action                     |  1- 3 |  4- 6 |  7- 9 | 10-12 | 13-15 | 16-18 | 19-21 | 22-24 | 25-27 || total
---------------------------+-------+-------+-------+-------+-------+-------+-------+-------+-------++-------
  Melee: Executioner's axe |     1 |       |       |     1 |     2 |     5 |     6 |    12 |   520 ||   547
   Cast: Manifold Assault  |       |       |       |       |       |       |       |     2 |   203 ||   205
 Armour: Leather armour    |       |       |       |     1 |     2 |     8 |     9 |    11 |    12 ||    43
  Dodge: Dodged            |       |       |       |       |       |     2 |     1 |     1 |     2 ||     6
